 Dungeon Crawl Stone Soup version 0.16-a0-3807-g3748f16 (webtiles) character file.

0 Ololoev the Caller (level 1, -1/13 HPs)
             Began as a Mummy Summoner on Jan 27, 2015.
             Slain by a hobgoblin
             ... wielding a +0 club
              (2 damage)
             ... on level 1 of the Dungeon.
             The game lasted 00:00:16 (49 turns).

Ololoev the Caller (Mummy Summoner)                   Turns: 49, Time: 00:00:16

Health: -1/13      AC:  2    Str: 11    XL:     1   Next: 0%
Magic:  0/3        EV: 12    Int: 14    God:
Gold:   17         SH:  0    Dex: 12    Spells: 1 memorised, 3 levels left

rFire  x . .     SeeInvis .     (no weapon)
rCold  + . .     Clarity  .     a - +0 robe
rNeg   + + +     SustAb   .     (no shield)
rPois  ∞         Gourm    .     (no helmet)
rElec  .         Spirit   .     (no cloak)
rCorr  .         Warding  .     (no gloves)
rMut   .         Stasis   .     (no boots)
MR     .....                    (no amulet)
Stlth  ++........               (no ring)
                                (no ring)

@: very slightly contaminated, not resistant to hostile enchantments, unstealthy
A: no food or potions, fire vulnerability, restore body, cold resistance 1,
negative energy resistance 3, poison resistance, torment resistance, unbreathing
a: no special abilities


You were on level 1 of the Dungeon.
You were not hungry.

You visited 1 branch of the dungeon, and saw 1 of its levels.

You collected 17 gold pieces.

Notes
Turn   | Place    | Note
--------------------------------------------------------------
     0 | D:1      | Ololoev, the Mummy Summoner, began the quest for the Orb.
     0 | D:1      | Reached XP level 1. HP: 13/13 MP: 3/3
    49 | D:1      | Slain by a hobgoblin

Inventory:

Armour
 a - a +0 robe (worn)
Books
 b - a book of Callings

   Spells                             Type                      Level
   a - Summon Small Mammal            Summoning                    1
   b - Call Imp                       Summoning                    2
   c - Call Canine Familiar           Summoning                    3
   d - Summon Guardian Golem          Hexes/Summoning              4
   e - Summon Lightning Spire         Summoning/Air                4
   f - Summon Ice Beast               Ice/Summoning                4

Table legend:
 A = Turns spent in this place as a percentage of turns spent in the entire game.
 B = Non-inter-level travel turns spent in this place as a percentage of non-inter-level travel turns spent in the entire game.
 C = Inter-level travel turns spent in this place as a percentage of turns spent in this place.
 D = Turns resting spent in this place as a percentage of non-inter-level travel turns spent in this place.
 E = Turns spent auto-exploring this place as a percentage of non-inter-level travel turns spent in this place.
 F = Non-inter-level travel turns spent in this place divided by the number of levels of this place that you've seen.
                   A       B       C       D       E      F
               +-------+-------+-------+-------+-------+----------------------
         Total | 100.0 | 100.0 |   0.0 |   0.0 |   7.7 |  13.0
       Dungeon | 100.0 | 100.0 |   0.0 |   0.0 |   7.7 |  13.0
               +-------+-------+-------+-------+-------+----------------------


   Skills:
 - Level 1.5 Dodging
 - Level 1.5 Stealth
 - Level 2.0 Spellcasting
 + Level 3.2 Summonings


You had 3 spell levels left.
You knew the following spells:

 Your Spells              Type           Power        Failure   Level  Hunger
a - Summon Small Mammal   Summ           ##..         10%         1    N/A

Dungeon Overview and Level Annotations

Branches:
Dungeon (1/15)

Altars:


Innate Abilities, Weirdness & Mutations

You do not eat or drink.
Your flesh is vulnerable to fire.
Your flesh is cold resistant.
You are immune to negative energy.
Your system is resistant to poisons.
You are immune to unholy pain and torment.
You can survive without breathing.


Message History

Press ? for a list of commands and other information.
Found a staircase leading out of the dungeon.
You now have 17 gold pieces.
A hobgoblin comes into view. It is wielding a club.
A giant gecko comes into view.
The hobgoblin shouts!
Casting: Summon Small Mammal
Confirm with . or Enter, or press ? or * to list all spells.
Casting: Summon Small Mammal
Confirm with . or Enter, or press ? or * to list all spells.
You miscast Summon Small Mammal.
You are very lightly contaminated with residual magic.
Nothing appears to happen.
You closely miss the hobgoblin. The hobgoblin hits you with a club.
The giant gecko barely misses your rat.
Your rat bites the hobgoblin.
You hit the hobgoblin but do no damage.
The hobgoblin is heavily wounded.
The giant gecko barely misses your rat. The hobgoblin barely misses you.
Your rat barely misses the hobgoblin.
You hit the hobgoblin but do no damage.
The hobgoblin is heavily wounded.
The giant gecko misses your rat. The hobgoblin barely misses you.
Your rat barely misses the hobgoblin.
You barely miss the hobgoblin.
The hobgoblin is heavily wounded.
The giant gecko bites your rat.
Your rat dies!
Your rat's corpse disappears in a puff of smoke!
The hobgoblin hits you but does no damage.
You barely miss the hobgoblin.
The hobgoblin is heavily wounded.
The giant gecko bites you. The hobgoblin hits you with a club.
You hit the hobgoblin but do no damage.
The hobgoblin is heavily wounded.
The giant gecko bites you. The hobgoblin closely misses you.
Casting: Summon Small Mammal
Confirm with . or Enter, or press ? or * to list all spells.
The giant gecko bites you but does no damage.
The hobgoblin hits you with a club.
You die...

### .. b# .##
#########l#......
###.......@g.......
#...#######.....#..
#...# ##.### #..##
.. ####.## ##
#8#.## #.## #8#.##
####.##


You could see a giant gecko, a hobgoblin and a friendly bat.

Vanquished Creatures (others)
  A rat (D:1)
1 creature vanquished.

Action                   || total
-------------------------++-------
Melee: Unarmed           ||     6
 Cast: Summon Small Mamm ||     2

Vault maps used:
D:1:      nagdon_arrival_zigzag_paths
